 Dungeon Crawl Stone Soup version 0.29-a0-341-g24ffce5b50 (webtiles) character file.

Game seed: 7447767282167267927

624 jimonade the Magician (level 7, -9/51 HPs)
             Began as a Gnoll Hedge Wizard on Apr 21, 2022.
             Mangled by Menkaure (16 damage)
             ... on level 4 of the Dungeon.
             The game lasted 00:11:46 (5905 turns).

jimonade the Magician (Gnoll Hedge Wizard)          Turns: 5905, Time: 00:11:47

Health: -9/51      AC: 10    Str: 12    XL:     7   Next: 47%
Magic:  18/18      EV: 10    Int: 13    God:
Gold:   326        SH:  0    Dex: 11    Spells: 15/21 levels left

rFire   . . .      SeeInvis .   G - +2 short sword (drain)
rCold   + . .      Faith    .   (no shield)
rNeg    . . .      Spirit   .   E - +2 scale mail {rC+}
rPois   .          Reflect  .   z - +0 helmet
rElec   .          Harm     .   (no cloak)
rCorr   .          Rampage  .   (no gloves)
Will    .....                   F - +0 pair of boots
Stlth   +.........              (no amulet)
HPRegen 0.17/turn               (no ring)
MPRegen 0.16/turn               (no ring)

@: no status effects
A: fangs 1, strong nose, distributed training
a: no special abilities


You were on level 4 of the Dungeon.
You visited 1 branch of the dungeon, and saw 4 of its levels.

You collected 326 gold pieces.

Inventory:

Hand Weapons
 a - a +0 hunting sling
 q - a +1 antimagic short sword
 y - a +0 dagger of venom
 D - a +0 glaive
 G - a +2 short sword of draining (weapon)
Missiles
 g - 153 stones
 h - 6 poisoned darts
Armour
 b - a +0 robe
 f - a +0 leather armour
 n - +0 ice dragon scales
 s - a +2 hat
 t - a +0 ring mail
 u - a +0 leather armour
 z - a +0 helmet (worn)
 C - a +0 scale mail
 E - a +2 scale mail of cold resistance (worn)
 F - a +0 pair of boots (worn)
Jewellery
 o - a ring of poison resistance
Scrolls
 i - a scroll of torment {unknown}
 k - 6 scrolls of identify {unknown}
 m - 2 scrolls of immolation {unknown}
 p - a scroll of teleportation {unknown}
 r - a scroll of fear {unknown}
 x - a scroll of fog {unknown}
 B - a scroll of noise {unknown}
Potions
 c - 2 potions of degeneration {unknown}
 d - a potion of magic
 e - 2 potions of cancellation {unknown}
 j - a potion of haste {unknown}
 l - 2 potions of heal wounds {unknown}
 v - a potion of brilliance {unknown}
 w - a potion of flight {unknown}
 A - a potion of might {unknown}
 H - a potion of attraction {unknown}


   Skills:
 + Level 2.5 Fighting
 + Level 2.5 Short Blades
 + Level 2.5 Long Blades
 + Level 2.5 Axes
 + Level 2.5 Maces & Flails
 + Level 2.5 Polearms
 + Level 2.5 Staves
 + Level 2.5 Slings
 + Level 2.5 Bows
 + Level 2.5 Crossbows
 + Level 2.5 Throwing
 + Level 2.5 Armour
 + Level 5.2 Dodging
 + Level 4.9 Stealth
 + Level 2.5 Shields
 + Level 2.5 Unarmed Combat
 + Level 7.6 Spellcasting
 + Level 3.0 Conjurations
 + Level 2.0 Hexes
 + Level 3.0 Summonings
 + Level 2.0 Necromancy
 + Level 3.0 Translocations
 + Level 2.0 Transmutations
 + Level 2.0 Fire Magic
 + Level 2.0 Ice Magic
 + Level 2.0 Air Magic
 + Level 2.0 Earth Magic
 + Level 2.0 Poison Magic
 + Level 2.8 Invocations
 + Level 2.5 Evocations


You had 15 spell levels left.
You knew the following spells:

 Your Spells              Type           Power      Damage    Failure   Level
a - Magic Dart            Conj           48%        1d5       21%         1
b - Blink                 Tloc           24%        N/A       30%         2
c - Call Imp              Summ           12%        N/A       30%         2
d - Slow                  Hex            40%        N/A       30%         1

Your spell library contained the following spells:

 Spells                   Type           Power      Damage    Failure   Level
 Foxfire                  Conj/Fire      44%        2x1d6     26%         1
 Animate Skeleton         Necr           20%        N/A       30%         1
 Pain                     Necr           40%        1d6       30%         1
 Conjure Flame            Conj/Fire      11%        6-21      58%         3
 Mephitic Cloud           Conj/Pois/Air  11%        N/A       63%         3
 Confusing Touch          Hex            10%        N/A       67%         3
 Inner Flame              Hex/Fire       10%        N/A       67%         3
 Vampiric Draining        Necr           10%        2d6       67%         3
 Flame Wave               Conj/Fire      11%        2d5       94%         4
 Summon Lightning Spire   Summ/Air       11%        N/A       94%         4
 Airstrike                Air            5%         N/A       97%         4
 Lightning Bolt           Conj/Air       5%         1d17      100%        5


Dungeon Overview and Level Annotations

Branches:
Dungeon (4/15)
 Temple: D:4-7

Altars:
Dithmenos
Nemelex Xobeh
Zin

Annotations:
D:4 Menkaure


Innate Abilities, Weirdness & Mutations

You have very sharp teeth.
Your uncanny sense of smell can sniff out nearby items.
Your experience applies equally to all skills.


Message History

Menkaure, Prince of Dust comes into view.
Menkaure shouts!
Menkaure calls on the powers of darkness!
Your body is wracked with pain!
Menkaure barely misses you.
You hit Menkaure.
Menkaure is lightly damaged.
Menkaure hits you but does no damage.
You hit Menkaure. Your bite misses Menkaure.
Menkaure is moderately damaged.
You hit Menkaure. Your bite misses Menkaure.
Menkaure is heavily damaged.
Menkaure hits you!
You hit Menkaure but do no damage. You bite Menkaure, but do no damage.
Menkaure is heavily damaged.
Menkaure gestures at you while chanting.
You struggle to resist.
You hit Menkaure.
Menkaure is heavily damaged.
Menkaure hits you!
* * * LOW HITPOINT WARNING * * *
You hit Menkaure. You bite Menkaure, but do no damage.
Menkaure is heavily damaged.
Menkaure hits you but does no damage.
You hit Menkaure. Your bite misses Menkaure.
Menkaure is severely damaged.
You hit Menkaure.
Menkaure is severely damaged.
Menkaure mumbles some strange words.
Menkaure seems to speed up.
You hit Menkaure. Your bite misses Menkaure.
Menkaure is severely damaged.
Menkaure hits you but does no damage.
You hit Menkaure.
Menkaure is almost destroyed.
Menkaure hits you but does no damage. Menkaure barely misses you.
You barely miss Menkaure. Your bite misses Menkaure.
Menkaure is almost destroyed.
Menkaure hits you!
You die...

####.#...#.............
......#.##.............
#######.....##.....#######.
............##.....# ∆
#######.....##.....#
#.....##.....#
#.....##.....#
#.....##.....#
#.....M@....##
#....######## ###'## #.#
#.# #.# #.# #.# ∆ #.#


You could see Menkaure (fast).

Vanquished Creatures
  Sigmund (D:3)
  An ogre (D:3)
  A phantom (D:4)
  A scorpion (D:4)
  A jelly (D:4)
  2 orc priests (D:4)
  Terence (D:3)
  An orc wizard (D:4)
  3 adders
  A worm (D:3)
  6 dart slugs
  2 endoplasms (D:1)
  4 giant cockroaches
  2 hobgoblins (D:3)
  3 quokkas
  11 ball pythons
  6 bats
  5 frilled lizards
  3 goblins
  6 kobolds
  6 rats
  A spectral kobold (D:2)
68 creatures vanquished.

Notes
Turn   | Place    | Note
-------+----------+-------------------------------------------
     0 | D:1      | jimonade the Gnoll Hedge Wizard began the quest for the
                  | Orb.
     0 | D:1      | Reached XP level 1. HP: 13/13 MP: 8/8
   343 | D:1      | Reached XP level 2. HP: 19/19 MP: 0/10
   454 | D:1      | You fall into a shaft and drop 1 floor!
  1013 | D:1      | Reached XP level 3. HP: 25/25 MP: 8/11
  1465 | D:2      | Found a faded altar of an unknown god.
  1613 | D:2      | Reached skill level 1 in Invocations
  1964 | D:2      | Reached skill level 1 in Fighting
  1964 | D:2      | Reached skill level 1 in Short Blades
  1964 | D:2      | Reached skill level 1 in Long Blades
  1964 | D:2      | Reached skill level 1 in Axes
  1964 | D:2      | Reached skill level 1 in Maces & Flails
  1964 | D:2      | Reached skill level 1 in Polearms
  1964 | D:2      | Reached skill level 1 in Staves
  1964 | D:2      | Reached skill level 1 in Slings
  1964 | D:2      | Reached skill level 1 in Bows
  1964 | D:2      | Reached skill level 1 in Crossbows
  1964 | D:2      | Reached skill level 1 in Throwing
  1964 | D:2      | Reached skill level 1 in Armour
  1964 | D:2      | Reached skill level 1 in Shields
  1964 | D:2      | Reached skill level 1 in Unarmed Combat
  1964 | D:2      | Reached skill level 1 in Evocations
  2019 | D:2      | Learned a level 2 spell: Blink
  2022 | D:2      | Learned a level 2 spell: Call Imp
  2024 | D:2      | Learned a level 1 spell: Slow
  2273 | D:3      | Reached XP level 4. HP: 32/32 MP: 9/13
  2326 | D:3      | Found a glowing silver altar of Zin.
  2403 | D:3      | Found a shadowy altar of Dithmenos.
  3058 | D:3      | Reached skill level 1 in Hexes
  3058 | D:3      | Reached skill level 1 in Necromancy
  3058 | D:3      | Reached skill level 1 in Transmutations
  3058 | D:3      | Reached skill level 1 in Fire Magic
  3058 | D:3      | Reached skill level 1 in Ice Magic
  3058 | D:3      | Reached skill level 1 in Air Magic
  3058 | D:3      | Reached skill level 1 in Earth Magic
  3058 | D:3      | Reached skill level 1 in Poison Magic
  3196 | D:3      | Noticed Sigmund
  3987 | D:3      | Found a sparkling altar of Nemelex Xobeh.
  4016 | D:3      | Noticed Terence
  4025 | D:3      | Killed Terence
  4026 | D:3      | Reached XP level 5. HP: 33/36 MP: 3/14
  4310 | D:3      | Killed Sigmund
  4311 | D:3      | Reached XP level 6. HP: 43/44 MP: 16/16
  4748 | D:4      | Reached skill level 5 in Dodging
  5234 | D:3      | Reached XP level 7. HP: 50/50 MP: 18/18
  5878 | D:4      | Noticed Menkaure
  5905 | D:4      | Mangled by Menkaure

Illustrated notes

Levels and vault maps discovered:
D:1:      mushboom_english_gardens, layout_basic
D:2:      layout_loops_ring, dreamdust_ecumenical_altar_drowned_temple,
          chequers_serial_rivers_micro_c
D:3:      layout_loops_ring, nemelex_diamond_rough_becter,
          amcnicky_altar_gilded, grunt_dithmenos_smoke_and_mirrors,
          uniq_sigmund, uniq_terence
D:4:      layout_basic, minmay_fractal_squares_5, uniq_menkaure, uniq_natasha

Skill      XL: |  1  2  3  4  5  6  7 |
---------------+----------------------+-----
Conjurations   | 2 3 |  3.0
Summonings     | 2 3 |  3.0
Translocations | 2 3 |  3.0
Invocations    | 1 2 |  2.8
Fighting       | 1 2 |  2.5
Short Blades   | 1 2 |  2.5
Long Blades    | 1 2 |  2.5
Axes           | 1 2 |  2.5
Maces & Flails | 1 2 |  2.5
Polearms       | 1 2 |  2.5
Staves         | 1 2 |  2.5
Slings         | 1 2 |  2.5
Bows           | 1 2 |  2.5
Crossbows      | 1 2 |  2.5
Throwing       | 1 2 |  2.5
Armour         | 1 2 |  2.5
Shields        | 1 2 |  2.5
Unarmed Combat | 1 2 |  2.5
Evocations     | 1 2 |  2.5
Hexes          | 1 2 |  2.0
Necromancy     | 1 2 |  2.0
Transmutations | 1 2 |  2.0
Fire Magic     | 1 2 |  2.0
Ice Magic      | 1 2 |  2.0
Air Magic      | 1 2 |  2.0
Earth Magic    | 1 2 |  2.0
Poison Magic   | 1 2 |  2.0
Dodging        | 5 |  5.2
Stealth        | |  4.9
Spellcasting   | |  7.6

Action                   |  1- 3 |  4- 6 |  7- 9 || total
-------------------------+-------+-------+-------++-------
Melee: Dagger            |     5 |    32 |       ||    37
       Short sword       |     6 |    39 |    51 ||    96
       Bite              |     2 |     7 |     3 ||    12
       Punch             |       |       |     2 ||     2
 Cast: Magic Dart        |    95 |    30 |       ||   125
       Call Imp          |       |     7 |       ||     7
 Stab: Sleeping          |     1 |     2 |       ||     3
Armor: Robe              |     7 |     8 |       ||    15
       Scale mail        |       |    12 |    25 ||    37
Dodge: Dodged            |    30 |    38 |    16 ||    84

Table legend: (Time is in decaauts)
 A = Elapsed time spent in this place.
 B = Non-inter-level travel time spent in this place.
 C = Inter-level travel time spent in this place.
 D = Time resting spent in this place.
 E = Time spent auto-exploring this place.
 F = Levels seen in this place.
 G = Mean time per level.
                   A        B        C        D        E       F      G
               +--------+--------+--------+--------+--------+-----+--------+
         Total |   5915 |   5817 |     98 |   2219 |   2453 |   4 | 1478.8 |
       Dungeon |   5915 |   5817 |     98 |   2219 |   2453 |   4 | 1478.8 |
               +--------+--------+--------+--------+--------+-----+--------+

Top non-repeatable levels by time:
     D:3: 2429 daAuts
     D:2: 1604 daAuts
     D:1: 1158 daAuts
     D:4: 723 daAuts
